 Dungeon Crawl Stone Soup version 0.29-a0-477-g62b78b4225 (webtiles) character file.

Game seed: 5349079668065398157

10500 Hubjo the Thaumaturge (level 11, -3/68 HPs)
             Began as a Deep Elf Fire Elementalist on May 24, 2022.
             Was a Believer of Ashenzari.
             Slain by a komodo dragon (10 damage)
             ... on level 10 of the Dungeon.
             The game lasted 00:41:06 (19971 turns).

Hubjo the Thaumaturge (Deep Elf Fire Elementalist) Turns: 19971, Time: 00:41:07

Health: -3/68      AC: 11    Str:  5    XL:     11   Next: 37%
Magic:  19/26      EV: 13    Int: 31    God:    Ashenzari [**....]
Gold:   163        SH:  0    Dex: 15    Spells: 0/34 levels left

rFire   . . .      SeeInvis +   H - +4 battleaxe of Law {freeze, Fly}
rCold   . . .      Faith    .   (shield currently unavailable)
rNeg    . . .      Spirit   .   h - +1 robe {Will+}
rPois   +          Reflect  .   (no helmet)
rElec   .          Harm     .   K - +2 cloak of the Unyielding Gaze {Fort, Self} (curse)
rCorr   .          Rampage  .   F - +0 pair of gloves "Circumscribed Ordeal" {Range, Melee} (curse)
Will    ++...      Clarity  +   Q - +2 pair of boots of Supernal Knowledge {Alch, Cun} (curse)
Stlth   +++++.....              q - amulet of the acrobat
HPRegen 0.21/turn               C - ring of poison resistance
MPRegen 0.20/turn               T - +6 ring of intelligence

@: flying, invisible
A: hooves 1, clarity, low MP 1, MP-powered wands
a: Renounce Religion, Shatter the Chains


You were on level 10 of the Dungeon.
You worshipped Ashenzari.
Ashenzari was pleased with you.
You visited 2 branches of the dungeon, and saw 11 of its levels.
You also visited: Bailey.

You collected 580 gold pieces.
You spent 380 gold pieces at shops.
You donated 37 gold pieces to Zin.

Inventory:

Hand Weapons
 H - the +4 battleaxe of Law (weapon) {freeze, Fly}
   (You found it on level 4 of the Dungeon)

   It freezes those it strikes, dealing additional cold damage.
   It can also slow down cold-blooded creatures.
   Fly:       It grants you flight.
 J - a +4 quarterstaff of chaos
 L - a +5 dagger of freezing
Missiles
 f - 4 boomerangs of dispersal
 p - 3 datura-tipped darts
 U - a throwing net
Armour
 a - a +0 robe
 h - a +1 robe of willpower (worn)
 i - a +0 cloak
 l - a scarf of resistance
 x - a +3 scale mail
 E - a scarf of shadows
 F - the cursed +0 pair of gloves "Circumscribed Ordeal" (worn) {Range, Melee}
   (You found it on level 4 of the Dungeon)

   It has a curse which improves the following skills: Ranged Combat: Slings,
   Bows, Crossbows and Throwing.
   Melee Combat: Short Blades, Long Blades, Axes, Maces & Flails, Polearms,
   Staves and Unarmed Combat.
 K - the cursed +2 cloak of the Unyielding Gaze (worn) {Fort, Self}
   (You took it off Crazy Yiuf on level 4 of the Dungeon)

   It has a curse which improves the following skills: Fortitude: Armour and
   Shields.
   Introspection: Fighting and Spellcasting.
 Q - the cursed +2 pair of boots of Supernal Knowledge (worn) {Alch, Cun}
   (You found it on level 6 of the Dungeon)

   It has a curse which improves the following skills: Alchemy: Poison Magic and
   Transmutations.
   Cunning:   Dodging and Stealth.
 V - the +8 chain mail of Parlour Games {Str+2}
   (You found it on level 8 of the Dungeon)

   Str:       It affects your strength (+2).
Magical Staves
 R - a staff of poison
Jewellery
 b - a +4 ring of protection
 e - an amulet of guardian spirit
 q - an amulet of the acrobat (around neck)
 w - a ring of ice
 C - a ring of poison resistance (left hand)
 O - a ring of see invisible
 T - a +6 ring of intelligence (right hand)
Wands
 t - a wand of digging (2)
 v - a wand of polymorph (12)
 A - a wand of flame (33)
Scrolls
 g - 4 scrolls of enchant weapon
 j - a scroll of teleportation
 k - a scroll of acquirement
 n - a scroll of amnesia
 r - a scroll of noise
 y - 3 scrolls of immolation
 z - 2 scrolls of enchant armour
 M - a scroll of poison
Potions
 c - a potion of magic
 d - a potion of invisibility
 o - a potion of resistance
 s - 2 potions of flight
 u - a potion of degeneration
 B - a potion of might
 D - a potion of brilliance
 G - 2 potions of cancellation
 I - 3 potions of attraction
 X - 2 potions of lignification


   Skills:
 + Level 7.0(8.3) Fighting
 - Level 4.6(5.8) Armour
 - Level 2.4(3.4) Dodging
 + Level 10.8(12.0) Stealth
 + Level 11.0(12.2) Spellcasting
 - Level 1.1 Conjurations
 * Level 7.0 Summonings
 - Level 8.3 Fire Magic


You couldn't memorise any spells.
You knew the following spells:

 Your Spells              Type           Power      Damage    Failure   Level
a - Foxfire               Conj/Fire      100%       2x1d9     1%          1
b - Flame Wave            Conj/Fire      48%        2d10      3%          4
c - Summon Hydra          Summ           29%        N/A       77%         7
d - Summon Cactus Giant   Summ           29%        N/A       22%         6
e - Animate Armour        Summ/Erth      80%        N/A       6%          4
f - Monstrous Menagerie   Summ           29%        N/A       77%         7
g - Summon Mana Viper     Hex/Summ       40%        N/A       17%         5

Your spell library contained the following spells:

 Spells                   Type           Power      Damage    Failure   Level
 Scorch                   Fire           100%       2d10      1%          2
 Conjure Flame            Conj/Fire      48%        6-21      1%          3
 Inner Flame              Hex/Fire       44%        N/A       1%          3
 Wereblood                Tmut           19%        N/A       3%          2
 Sublimation of Blood     Necr           18%        N/A       4%          2
 Stone Arrow              Conj/Erth      44%        3d9       6%          3
 Summon Ice Beast         Ice/Summ       40%        N/A       6%          4
 Lehudib's Crystal Spear  Conj/Erth      11%        10d4      100%        8


Dungeon Overview and Level Annotations

Branches:
Dungeon (10/15)            Temple (1/1) D:7          Bailey (visited)
   Lair: D:8-11         Orc: D:9-12

Altars:
Ashenzari
Cheibriados
Dithmenos
Elyvilon
Fedhas
Gozag
Hepliaklqana
Kikubaaqudgha
Makhleb
Okawaru
Qazlal
Sif Muna
Trog
Uskayaw
Vehumet
Wu Jian
Xom
Yredelemnul
Zin
The Shining One

Shops:
D:1 :


Innate Abilities, Weirdness & Mutations

You have large cloven feet.
You possess an exceptional clarity of mind.
Your magical capacity is low. (-10% MP)
You expend magic power (3 MP) to strengthen your wands.


Message History

The komodo dragon is moderately wounded.
The foxfire hits the komodo dragon but does no damage.
The komodo dragon is moderately wounded.
The foxfire hits the komodo dragon.
The komodo dragon is moderately wounded.
You conjure some foxfire!
The foxfire hits the komodo dragon but does no damage.
The komodo dragon is moderately wounded.
The foxfire hits the komodo dragon but does no damage.
The komodo dragon is moderately wounded.
You conjure some foxfire!
The foxfire hits the komodo dragon but does no damage.
The komodo dragon is moderately wounded.
The foxfire hits the komodo dragon.
The komodo dragon is moderately wounded.
The foxfire hits the komodo dragon.
The komodo dragon is heavily wounded.
You conjure some foxfire!
The foxfire hits the komodo dragon but does no damage.
The komodo dragon is heavily wounded.
The komodo dragon bites you!!
You conjure some foxfire!
The foxfire hits the komodo dragon.
The komodo dragon is heavily wounded.
The foxfire hits the komodo dragon but does no damage.
The komodo dragon is heavily wounded.
The komodo dragon bites you!
You are too injured to fight recklessly!
You are too injured to fight recklessly!
You are too injured to fight recklessly!
You hit the komodo dragon. You freeze the komodo dragon.
The komodo dragon is heavily wounded.
The foxfire hits the komodo dragon!
The komodo dragon is severely wounded.
The foxfire hits the komodo dragon.
The komodo dragon is almost dead.
The komodo dragon bites you!!
* * * LOW HITPOINT WARNING * * *
You fade into invisibility!
The komodo dragon bites you!
You die...

##.....8.....#.##,
...# ##..#.....###..#
....* * *
..........>...#.#*..##
#############...##...#
* , ,
.....(...........###.
, *
*#####...............
* ##.....[...#... ,*
###..).........### * *
#....l@.)........#, *
.......#...^......##.
* ......##.....[....#
, , ♣♣...#
##.###.###..# , ..l..
#.##..# #...#.# ,*
.♣.# #.##..# *##.#. #,
♣.* *#.##..# ...# * ♣
* ###..##..### .#... ,
##...##.....####...# *


You could see a komodo dragon (can't see you).

Vanquished Creatures
  2 hornets
  Grinder (D:3)
  13 yaks
  Sigmund (D:4)
  A wyvern (D:9)
  A human (Bailey)
  3 steam dragons
  2 acid dragons
  2 water moccasins
  2 orc warriors
  2 ice beasts
  4 ogres
  The ghost of DarkSlayer6995 the Firebug, an amateur DrFE (D:3)
  6 centaurs
  2 phantoms
  A kobold brigand (D:8)
  12 bullfrogs
  5 necrophages
  A gnoll sergeant (D:9)
  A scorpion (D:5)
  3 wights (D:7)
  14 killer bees
  5 howler monkeys (D:9)
  2 electric eels (D:6)
  3 hounds
  A gnoll shaman (D:7)
  5 orc priests
  Crazy Yiuf (D:4)
  4 iguanas
  Natasha (thrice) (D:4)
  8 orc wizards
  2 hound zombies (D:3)
  11 gnolls
  9 adders
  2 shadow imps
  3 worms
  A dart slug (D:1)
  40 orcs
  9 bats
  9 endoplasms
  3 giant cockroaches
  8 goblins
  9 hobgoblins
  4 jackals (D:5)
  14 kobolds
  5 quokkas
  4 ball pythons
  10 frilled lizards
  5 rats
260 creatures vanquished.

Vanquished Creatures (collateral kills)
  2 vault guards (Bailey)
  Prince Ribbit (Bailey)
  A vampire (D:9)
  3 yaks (D:9)
  A human (Bailey)
  26 foxfires
34 creatures vanquished.

Vanquished Creatures (others)
  1958 foxfires
  9 plants
1967 creatures vanquished.

Grand Total: 2261 creatures vanquished

Notes
Turn   | Place    | Note
-------+----------+-------------------------------------------
     0 | D:1      | Hubjo the Deep Elf Fire Elementalist began the quest for
                  | the Orb.
     0 | D:1      | Reached XP level 1. HP: 10/10 MP: 6/6
   120 | D:1      | Found a faded altar of an unknown god.
   348 | D:1      | Found Jizodd's Book Shop.
   388 | D:1      | Reached XP level 2. HP: 12/16 MP: 5/8
   547 | D:1      | Reached skill level 1 in Fighting
  1337 | D:2      | Reached XP level 3. HP: 1/20 MP: 0/9
  1384 | D:2      | Reached XP level 4. HP: 26/26 MP: 8/11
  1876 | D:2      | Reached skill level 4 in Spellcasting
  2891 | D:3      | Reached XP level 5. HP: 30/30 MP: 2/13
  3813 | D:3      | Found a runed translucent gate.
  3813 | D:3      | Found a runed translucent gate.
  3813 | D:3      | Found a runed translucent gate.
  3817 | D:3      | Noticed DarkSlayer6995's ghost (amateur DrFE)
  4026 | D:3      | Found a basalt altar of Yredelemnul.
  4334 | D:3      | Noticed Grinder
  4344 | D:3      | Killed Grinder
  4345 | D:3      | Reached XP level 6. HP: 36/36 MP: 5/15
  4494 | D:3      | Found a glowing silver altar of Zin.
  4509 | D:3      | Became a worshipper of Zin the Law-Giver
  4509 | D:3      | Reached * piety under Zin
  4860 | D:3      | Reached skill level 5 in Fire Magic
  5320 | D:3      | Reached skill level 5 in Spellcasting
  5653 | D:3      | Killed DarkSlayer6995's ghost
  6037 | D:4      | Reached XP level 7. HP: 41/41 MP: 11/16
  6278 | D:4      | Learned a level 4 spell: Flame Wave
  6443 | D:4      | Noticed Natasha
  6447 | D:4      | Killed Natasha
  6448 | D:4      | Reached skill level 5 in Stealth
  6520 | D:4      | Found a runed translucent door.
  6521 | D:4      | Noticed Crazy Yiuf
  6559 | D:4      | Noticed Sigmund
  6563 | D:4      | Killed Sigmund
  7469 | D:4      | Noticed Natasha
  7483 | D:4      | Killed Natasha
  7515 | D:4      | Noticed Natasha
  7518 | D:4      | Killed Natasha
  7573 | D:4      | Identified the +4 battleaxe of Law {freeze, Fly}
  7703 | D:4      | Killed Crazy Yiuf
  7793 | D:5      | Entered Level 5 of the Dungeon
  7806 | D:5      | Reached skill level 6 in Spellcasting
  7866 | D:5      | Reached XP level 8. HP: 42/48 MP: 12/19
  8632 | D:5      | Reached skill level 7 in Spellcasting
  8867 | D:5      | Reached ** piety under Zin
  9057 | D:6      | Found a shimmering altar of Xom.
  9063 | D:6      | Found a shimmering altar of Xom.
  9063 | D:6      | Found a shimmering altar of Xom.
  9111 | D:6      | Found a shimmering altar of Xom.
  9113 | D:6      | Found a shimmering altar of Xom.
  9179 | D:6      | Found a shimmering altar of Xom.
  9568 | D:6      | Reached XP level 9. HP: 29/52 MP: 18/22
  9580 | D:6      | Learned a level 7 spell: Summon Hydra
  9724 | D:6      | Reached skill level 1 in Summonings
  9947 | D:6      | Found a transporter.
  9975 | D:6      | Found an ancient bone altar of Kikubaaqudgha.
  9975 | D:6      | Found a white marble altar of Elyvilon.
 10007 | D:6      | Found a transporter.
 10079 | D:6      | Reached *** piety under Zin
 11077 | D:7      | Found a glowing golden altar of the Shining One.
 11102 | D:7      | Reached skill level 5 in Fighting
 11143 | D:7      | Reached skill level 8 in Spellcasting
 11307 | D:7      | Fell from the grace of Zin
 11307 | D:7      | Became a worshipper of the Shining One
 11307 | D:7      | Reached * piety under the Shining One
 11634 | D:7      | Found a staircase to the Ecumenical Temple.
 11658 | Temple   | Entered the Ecumenical Temple
 11701 | Temple   | Fell from the grace of the Shining One
 11701 | Temple   | Became a worshipper of Ashenzari the Shackled
 12279 | D:7      | Reached skill level 5 in Summonings
 12892 | D:8      | Learned a level 6 spell: Summon Cactus Giant
 13023 | D:8      | Identified the +8 chain mail of Parlour Games {Str+2}
 13182 | D:8      | Reached XP level 10. HP: 58/60 MP: 20/24
 13265 | D:8      | Reached skill level 9 in Spellcasting
 13268 | D:8      | Reached skill level 1 in Armour
 15652 | D:9      | Reached skill level 10 in Spellcasting
 15656 | D:9      | Reached skill level 10 in Stealth
 15842 | D:9      | Reached * piety under Ashenzari
 15843 | D:9      | Gained mutation: Your magical capacity is low. (-10% MP)
                  | [potion of mutation]
 15843 | D:9      | Gained mutation: You have large cloven feet. [potion of
                  | mutation]
 15843 | D:9      | Gained mutation: You possess an exceptional clarity of
                  | mind. [potion of mutation]
 15843 | D:9      | Gained mutation: You expend magic power (3 MP) to
                  | strengthen your wands. [potion of mutation]
 16377 | D:9      | Paralysed by a hornet for 2 turns
 16380 | D:9      | HP: 1/63 [vampire (5)]
 16854 | D:9      | Paralysed by a hornet for 1 turns
 17257 | D:9      | Reached ** piety under Ashenzari
 17501 | D:9      | Reached XP level 11. HP: 36/68 MP: 12/25
 17894 | D:9      | Identified the +4 hand axe "Werph" {flame, *Rage rPois
                  | Dex+3}
 17969 | D:9      | Learned a level 4 spell: Animate Armour
 17978 | D:10     | Entered Level 10 of the Dungeon
 18166 | D:10     | Found a flagged portal.
 18178 | Bailey   | Entered a bailey
 18811 | Bailey   | Noticed a vault guard
 18821 | Bailey   | Killed a vault guard
 19074 | Bailey   | Identified a scroll of acquirement
 19074 | Bailey   | Noticed Prince Ribbit
 19074 | Bailey   | Noticed a vault guard
 19142 | Bailey   | Killed Prince Ribbit
 19147 | Bailey   | Killed a vault guard
 19593 | D:1      | Bought a book of Beasts for 380 gold pieces
 19601 | D:1      | Learned a level 7 spell: Monstrous Menagerie
 19607 | D:1      | Learned a level 5 spell: Summon Mana Viper
 19914 | D:10     | Reached skill level 11 in Spellcasting
 19971 | D:10     | Slain by a komodo dragon

Illustrated notes

Levels and vault maps discovered:
D:1:      moated_graveyard_arrival, layout_basic,
          shapermc_ecumenical_altar_mp_highgroup, serial_shops,
          nicolae_shop_behind_doors, serial_bayou_pond_e
D:2:      layout_basic, serial_curves, eino_curves_04, eino_curves_01,
          eino_curves_04, eino_curves_03
D:3:      layout_loops_cross, mainiacjoe_overflow_alcove_2,
          lemuel_zombie_altar_yredelemnul, gammafunk_ghost_split,
          minmay_lizard_king, uniq_grinder
D:4:      layout_gridville, kennysheep_generic_room_12, uniq_crazy_yiuf_cottage,
          uniq_sigmund, uniq_natasha
D:5:      layout_basic, dreamdust_princess_corridor, hangedman_decor_growths,
          grunt_ministairs_14
D:6:      gammafunk_steamed_eel, layout_loops_ring, xom_redecorated,
          gammafunk_temple_overflow_wave
D:7:      layout_basic, tso_metal_star, temple_pool_b, serial_corexii_hall,
          corexii_hall_statues_l, corexii_hall_statues_l,
          chequers_hall_statues_corner_a
D:8:      layout_basic
D:9:      layout_basic, evilmike_butchery
D:10:     layout_rooms, mainiacjoe_overflow_cross_hatched,
          nicolae_ru_sacrificial_ziggurat, minmay_lair_entry_grove,
          gammafunk_ghost_necromancy, enter_bailey_6, uniq_maurice
Temple:   jpeg_temple_clearing

Skill      XL: |  1  2  3  4  5  6  7  8  9 10 11 |
---------------+----------------------------------+-----
Fighting       | 1 2 3 4 5 6 7 |  7.0
Stealth        | 3 4 5 7 8 10 | 10.8
Fire Magic     | 4 5 6 8 |  8.3
Spellcasting   | 4 5 6 7 8 10 11 | 11.0
Summonings     | 5 7 |  7.0
Armour         | 4 |  4.6
Dodging        | |  2.4
Conjurations   | |  1.1

Action                   |  1- 3 |  4- 6 |  7- 9 | 10-12 || total
-------------------------+-------+-------+-------+-------++-------
Melee: Unarmed           |     6 |     3 |       |       ||     9
       Battleaxe         |       |       |    18 |    54 ||    72
 Cast: Foxfire           |    86 |   268 |   505 |   327 ||  1186
       Flame Wave        |       |       |     6 |     5 ||    11
       Summon Cactus Gia |       |       |       |     6 ||     6
Invok: Recite            |       |       |     1 |       ||     1
       Curse Item        |       |       |       |     3 ||     3
Evoke: Wand              |       |       |       |     1 ||     1
  Use: Potion            |     1 |     4 |     1 |    12 ||    18
       Scroll            |       |     2 |     7 |     6 ||    15
 Stab: Sleeping          |       |       |       |     1 ||     1
Armor: Robe              |    19 |    15 |    26 |    68 ||   128
Dodge: Dodged            |    58 |    50 |    90 |   184 ||   382

Table legend: (Time is in decaauts)
 A = Elapsed time spent in this place.
 B = Non-inter-level travel time spent in this place.
 C = Inter-level travel time spent in this place.
 D = Time resting spent in this place.
 E = Time spent auto-exploring this place.
 F = Levels seen in this place.
 G = Mean time per level.
                   A        B        C        D        E       F      G
               +--------+--------+--------+--------+--------+-----+--------+
         Total |  20031 |  18880 |   1151 |   2049 |  13719 |  12 | 1669.2 |
       Dungeon |  18852 |  17721 |   1131 |   2049 |  12725 |  10 | 1885.2 |
        Temple |    119 |     99 |     20 |      0 |     82 |   1 |  119.0 |
        Bailey |   1059 |   1059 |      0 |      0 |    912 |   1 | 1059.0 |
               +--------+--------+--------+--------+--------+-----+--------+

Top non-repeatable levels by time:
     D:8: 3221 daAuts
     D:3: 2444 daAuts
     D:2: 2306 daAuts
     D:7: 2103 daAuts
     D:9: 2083 daAuts
     D:4: 1866 daAuts
     D:6: 1853 daAuts
     D:5: 1329 daAuts
     D:1: 1310 daAuts
  Bailey: 1059 daAuts
    D:10: 331 daAuts
  Temple: 119 daAuts
